Map: Apotheosis LE

Players

Gracz - Winner!

  • Race: Zerg Zerg
  • League: Silver

agh

  • Race: Zerg Zerg
  • League: Silver

VOD

Have the link to the VOD?

Description

Time

  • Played on: Oct. 8, 2016, 8:35 a.m.
  • Length: 24:16
Show
View Real Time Build Order
Export as new Build Order

Gracz Zerg - Winner!

Build Orders: Pool First 

Get SALT Encoding   

  12  0:02  Drone  
  13  0:21  Drone  
  13  0:24  Overlord  
  14  0:37  Spawning Pool  
  13  0:46  Drone x2  
  15  1:19  Hatchery  
  14  1:28  Spine Crawler  
  13  1:34  Drone  
  13  1:35  Drone  
  15  2:00  Spine Crawler  
  15  2:17  Spine Crawler  
  14  2:31  Zergling x2  
  14  2:32  Queen  
  17  2:38  Extractor  
  17  2:40  Roach Warren  
  17  2:41  Extractor, Drone x3  
  17  2:45  Drone  
  17  3:07  Spine Crawler  
  17  3:08  Drone  
  17  3:09  Drone  
  18  3:25  Spine Crawler  
  15  3:27  Spine Crawler  
  15  3:29  Zergling x4  
  16  3:51  Drone  
  16  3:52  Drone x2, Hatchery  
  16  4:04  Drone  
  16  4:05  Drone  
  18  4:12  Queen  
  20  4:18  Roach  
  20  4:22  Overlord  
  22  4:31  Spine Crawler  
  21  4:40  Spine Crawler  
  20  5:09  Queen  
  20  5:10  Queen  
  24  5:23  Roach x4  
  24  5:25  Roach  
  34  5:33  Overlord  
  34  5:58  Drone  
  34  5:59  Drone  
  34  6:00  Overlord x2  
  36  6:31  Drone  
  36  6:32  Drone x6  
  43  6:40  Lair  
  43  6:48  Burrow  
  31  7:45  Roach x10  
  51  8:05  Spire  
  50  8:09  Hydralisk Den  
  49  8:19  Extractor  
  48  8:23  Extractor  
  47  8:31  Hatchery  
  46  8:42  Lurker Den  
  46  8:51  Overlord x2  
  46  8:58  Drone  
  46  8:59  Drone x5  
  52  9:22  Infestation Pit  
  51  9:27  Queen  
  53  9:53  Hydralisk  
  53  9:54  Hydralisk x7  
  53  9:58  Hydralisk  
  71  10:08  Roach x9  
  69  10:34  Tunneling Claws  
  69  10:43  Hive  
  69  10:53  Hydralisk x2  
  73  10:57  Overlord  
  73  10:58  Overlord  
  73  11:03  Hydralisk x11  
  73  11:08  Roach x8  
  73  11:09  Hydralisk x8  
  73  11:14  Roach x4  
  43  11:46  Mutalisk  
  37  11:47  Mutalisk x5  
  49  11:55  Roach x2  
  49  11:59  Drone  
  54  12:15  Ultralisk Cavern  
  53  12:29  Evolution Chamber  
  52  12:33  Evolution Chamber  
  52  12:36  Evolution Chamber  
  46  13:16  Ultralisk  
  44  13:32  Drone x6  
  44  13:33  Drone x3  
  53  14:13  Hatchery  
  52  14:21  Corruptor  
  52  14:22  Corruptor x3  
  60  14:24  Corruptor  
  60  14:30  Corruptor  
  64  14:57  Ultralisk x2  
  76  15:01  Drone x4  
  80  15:12  Drone  
  80  15:13  Drone x6  
  87  15:22  Greater Spire  
  87  15:24  Lurker  
  87  15:25  Lurker  
  89  15:30  Hydralisk x2  
  89  15:31  Hydralisk  
  95  15:54  Extractor  
  95  15:55  Drone x2  
  95  15:56  Extractor, Drone  
  96  15:59  Extractor  
  96  16:00  Extractor  
  96  16:01  Overlord x5  
  88  16:34  Hydralisk  
  88  16:35  Hydralisk x9  
  108  17:01  Drone  
  108  17:02  Drone x9  
  118  17:17  Ultralisk  
  118  17:18  Ultralisk  
  130  17:27  Hydralisk  
  130  17:28  Hydralisk x2  
  136  17:30  Overlord  
  136  17:31  Overlord x3  
  136  17:33  Zerg Melee Weapons Level 1  
  136  17:58  Drone x8  
  137  17:59  Drone x4  
  148  18:18  Brood Lord  
  148  18:19  Brood Lord x5  
  160  18:23  Corruptor  
  162  18:50  Overlord, Corruptor  
  162  18:52  Hatchery, Corruptor x2  
  167  19:17  Drone x9  
  176  19:32  Overlord x4  
  176  19:51  Lurker x2  
  176  19:52  Lurker x3  
  181  19:55  Ultralisk  
  181  19:56  Ultralisk x2  
  141  20:34  Hydralisk  
  141  20:35  Hydralisk x20  
  143  21:47  Hydralisk  
  143  21:48  Hydralisk x14  
  173  22:39  Hydralisk x13  
  185  23:20  Lurker x6  
  185  23:23  Lurker  
  185  23:26  Lurker  
  192  23:27  Lurker  
Show
View Real Time Build Order
Export as new Build Order

agh Zerg 

Build Orders: Hatch First 

Get SALT Encoding   

  12  0:16  Overlord  
  12  0:19  Drone x2  
  14  0:36  Drone  
  15  0:44  Drone  
  17  0:57  Drone, Hatchery  
  17  1:04  Drone  
  17  1:12  Drone  
  18  1:24  Drone  
  19  1:29  Spawning Pool  
  19  1:32  Drone  
  19  1:43  Overlord  
  18  2:12  Drone x2  
  17  2:21  Zergling x2  
  17  2:27  Zergling x2  
  18  2:30  Zergling x2  
  18  2:31  Zergling x2  
  18  2:34  Zergling x2  
  21  2:39  Zergling x2  
  22  2:50  Zergling x2  
  21  3:02  Zergling x2  
  21  3:13  Zergling x2  
  21  3:17  Zergling x6  
  25  3:44  Overlord x3  
  25  3:47  Drone x2  
  27  3:55  Queen  
  26  4:10  Drone x2  
  26  4:12  Drone x2  
  26  4:13  Drone  
  31  4:19  Extractor  
  31  4:24  Extractor  
  29  4:28  Evolution Chamber  
  28  4:31  Roach Warren  
  27  4:47  Zergling x6  
  30  4:59  Drone x3  
  33  5:06  Queen  
  35  5:16  Zergling x2  
  35  5:17  Zergling x2  
  37  5:41  Drone x3  
  40  5:43  Drone x3  
  43  6:04  Roach  
  45  6:07  Drone x2  
  45  6:10  Drone x3  
  50  6:13  Lair  
  50  6:18  Drone x2  
  52  6:27  Overlord  
  52  6:31  Overlord  
  52  6:33  Lair  
  52  6:39  Roach x3  
  58  6:42  Overlord  
  58  6:46  Zerg Melee Weapons Level 1  
  56  7:04  Extractor  
  56  7:07  Roach x4  
  56  7:08  Roach x2  
  66  7:11  Zergling x6  
  64  7:25  Drone  
  63  7:46  Roach x3  
  69  7:55  Extractor  
  68  7:59  Roach x3  
  74  8:18  Overlord  
  74  8:19  Hatchery  
  73  8:23  Overlord  
  73  8:36  Evolution Chamber  
  73  8:39  Hydralisk Den  
  73  8:40  Zerg Missile Weapons Level 1  
  73  8:41  Drone  
  72  8:42  Roach  
  72  8:43  Roach x5  
  84  8:56  Drone x2  
  86  9:15  Drone x2  
  88  9:18  Drone  
  88  9:23  Hydralisk x2  
  93  9:40  Drone  
  93  9:42  Drone  
  93  9:43  Drone x4  
  99  9:46  Hydralisk  
  99  9:47  Hydralisk  
  99  9:50  Zerg Melee Weapons Level 2  
  99  9:52  Glial Reconstitution  
  103  9:54  Metabolic Boost  
  103  9:59  Zergling x2  
  104  10:02  Drone  
  104  10:05  Lair  
  102  10:33  Drone x3  
  105  10:38  Overlord x4  
  105  10:48  Spore Crawler  
  104  10:52  Overlord x3  
  104  11:01  Spore Crawler  
  103  11:08  Muscular Augments  
  103  11:09  Zerg Missile Weapons Level 2  
  103  11:15  Roach  
  103  11:16  Roach x2  
  109  11:20  Drone x3  
  110  12:00  Hydralisk x3  
  116  12:05  Roach x2  
  116  12:06  Roach  
  122  12:11  Drone x3  
  125  12:25  Hydralisk  
  125  12:28  Zerg Ground Armor Level 1  
  127  12:36  Infestation Pit  
  126  12:39  Tunneling Claws  
  126  12:40  Nydus Network  
  126  12:42  Lurker Den  
  125  12:46  Roach x2  
  125  12:50  Hydralisk x3  
  135  12:59  Extractor  
  130  13:17  Hydralisk x3  
  136  13:23  Spore Crawler  
  135  13:28  Spore Crawler  
  135  13:30  Drone  
  135  13:31  Drone x2  
  137  13:37  Spore Crawler  
  136  13:41  Spore Crawler  
  136  13:48  Spore Crawler  
  134  13:52  Spore Crawler  
  133  13:56  Spore Crawler  
  133  14:00  Spore Crawler  
  131  14:03  Spore Crawler  
  131  14:09  Hydralisk x3  
  136  14:22  Hydralisk x2  
  136  14:23  Hydralisk  
  142  14:27  Hydralisk x3  
  148  14:31  Hydralisk  
  148  14:35  Zerg Ground Armor Level 2  
  150  14:53  Pathogen Glands  
  150  14:54  Spire  
  149  15:01  Hydralisk x2, Extractor  
  149  15:02  Hydralisk  
  149  15:06  Overlord x3  
  154  15:14  Hydralisk x3  
  160  15:21  Hive  
  160  15:24  Hive  
  160  15:26  Hive  
  160  15:39  Zergling x4  
  162  15:43  Zergling x2  
  162  15:44  Zergling x4  
  165  15:59  Hydralisk x2  
  163  16:35  Hydralisk x3  
  169  16:42  Roach x3  
  169  16:45  Adrenal Glands  
  175  16:52  Zerg Melee Weapons Level 3  
  175  16:54  Zerg Missile Weapons Level 3  
  175  17:10  Evolution Chamber  
  174  17:30  Hydralisk x3  
  174  17:34  Overlord x2  
  174  17:35  Overlord  
  180  17:37  Zerg Ground Armor Level 3  
  180  17:55  Pneumatized Carapace  
  180  18:03  Hatchery  
  179  18:11  Hydralisk x3  
  185  18:15  Hydralisk x3  
  189  18:48  Hydralisk x3  
  195  19:25  Lair  
  195  19:30  Hydralisk x2  
  129  20:28  Hydralisk  
  129  20:29  Hydralisk x6  
  129  20:30  Hydralisk x5  
  83  20:53  Hydralisk x4  
  83  20:54  Hydralisk x4  
  99  21:06  Roach x4  
  103  21:25  Hydralisk x2  
  103  21:26  Hydralisk x4  
  103  21:29  Hydralisk x2  
  117  21:34  Hive  
  117  21:39  Hydralisk x4  
  83  22:07  Hydralisk x2  
  83  22:08  Hydralisk x4  
  86  22:20  Overseer  
  86  22:22  Overseer  
  84  22:25  Hydralisk x2  
  84  22:28  Zergling x4  
  84  22:29  Zergling x8  
  91  22:58  Zergling x4  
  91  22:59  Zergling x12  
  91  23:00  Zergling x2  
  99  23:08  Extractor  
  98  23:13  Extractor  
  98  23:17  Zergling x6  
  100  23:21  Zergling x4  
  102  23:35  Zergling x2  
  102  23:39  Zergling x6  
Tags
 
Add a new tag
Caveats
  • Supply blocks, unpowered buildings, or Contaminate may cause inaccurate times.
  • Supply counts are checked every 10 seconds.